 Dungeon Crawl Stone Soup version 0.22.1-2-g9c5b331383 (webtiles) character file.

337 Ihlosi the Slasher (level 6, -8/49 HPs)
             Began as a Human Gladiator on Nov 13, 2018.
             Killed by nerve-wracking pain
             ... invoked by Menkaure
              (13 damage)
             ... on level 5 of the Dungeon.
             The game lasted 00:08:51 (3211 turns).

Ihlosi the Slasher (Human Gladiator)                Turns: 3211, Time: 00:08:53

Health: -8/49      AC: 11    Str: 15    XL:     6   Next: 85%
Magic:  15/15      EV: 17    Int:  9    God:
Gold:   137        SH:  0    Dex: 20    Spells: 5/5 levels left

rFire    . . .     SeeInvis .   m - +3 hand axe
rCold    + . .     Gourm    .   (no shield)
rNeg     . . .     Faith    .   p - +4 ring mail
rPois    .         Spirit   .   c - +1 helmet
rElec    .         Reflect  .   (no cloak)
rCorr    .         Harm     .   (no gloves)
MR       .....     Clarity  +   (no boots)
Stlth    ++........             (no amulet)
HPRegen  0.16/turn              e - ring of protection from cold
MPRegen  0.14/turn              u - ring of magical power

@: agile, berserk cooldown, hasted and slowed
A: clarity, deterioration 1, no potion heal 1
a: no special abilities


You were on level 5 of the Dungeon.
You were not hungry.

You visited 1 branch of the dungeon, and saw 5 of its levels.

You collected 137 gold pieces.

Inventory:

Hand Weapons
 a - a +0 long sword
 b - a +2 short sword of flaming
 h - a +2 short sword of draining
 m - a +3 hand axe (weapon)
Missiles
 d - a throwing net
 k - 4 javelins of penetration
 n - 3 curare-tipped needles
 q - 2 steel tomahawks (quivered)
Armour
 c - a +1 helmet (worn)
 p - a +4 ring mail (worn)
Jewellery
 e - a ring of protection from cold (left hand)
 u - a ring of magical power (right hand)
Scrolls
 g - 2 scrolls of identify
 i - a scroll of teleportation
 l - 3 scrolls of amnesia
Potions
 j - a potion of berserk rage
 w - a potion of degeneration
 x - a potion of flight
 z - a potion of agility
Comestibles
 f - 4 rations


   Skills:
 * Level 4.4 Fighting
 + Level 5.7 Long Blades
 - Level 2.0 Throwing
 - Level 3.0 Dodging
 - Level 1.0 Stealth


You had 5 spell levels left.
You didn't know any spells.
Your spell library contained the following spells:

 Spells                   Type           Power        Failure   Level  Hunger
 Sandblast                Erth           #.....       63%         1    ##.....
 Passwall                 Tmut/Erth      #.......     77%         2    ###....
 Stone Arrow              Conj/Erth      #.....       94%         3    ####...
 Petrify                  Tmut/Erth      #.......     100%        4    #####..
 Lee's Rapid Deconstruct  Erth           #.........   100%        5    ######.


Dungeon Overview and Level Annotations

Branches:
Dungeon (5/15)
 Temple: D:4-7

Altars:
Cheibriados
Elyvilon
Hepliaklqana
Sif Muna
Uskayaw
Vehumet

Annotations:
D:5 Dowan, Menkaure


Innate Abilities, Weirdness & Mutations

You possess an exceptional clarity of mind.
Your body sometimes deteriorates upon taking damage.
Potions are less effective at restoring your health.


Message History

Dowan convulses!
Unknown command.
You slash Menkaure!
Menkaure is severely damaged.
Menkaure hits you.
* * * LOW HITPOINT WARNING * * *
Menkaure hits you but does no damage.
Unknown command.
You feel extremely strange.
You feel yourself wasting away.
Your system partially rejects the healing effects of potions.
Your thoughts seem clearer.
Menkaure closely misses you.
You slash Menkaure!
Menkaure is almost destroyed.
Dowan casts a spell.
Dowan blinks!
Menkaure closely misses you.
Menkaure points at you and mumbles some strange words.
Pain shoots through your body!
You die...

#..........###.#
####..####.##.....#
.#######.##..#
#.######.#
..........#..# #.#
#.# .#######..#..#
#.######)## #...e.#
#........<# #..#).#
########..#
#..##.######### #..#
#....§M@...(..( ...#
##.##.############..
#.##.# #.# ..##M#
#.# #..... #.. ...
.... ...


You could see Menkaure.

Vanquished Creatures
  Duvessa (D:5)
  A crimson imp (D:4)
  Natasha (thrice) (D:3)
  7 adders (D:3)
  An ooze (D:1)
  A worm (D:2)
  4 leopard geckos
  2 orcs (D:3)
  6 bats
  4 giant cockroaches
  2 goblins
  4 hobgoblins
  A jackal (D:2)
  2 frilled lizards
  A jackal skeleton (D:3)
  8 kobolds
  6 rats
54 creatures vanquished.

Notes
Turn   | Place    | Note
-------+----------+-------------------------------------------
     0 | D:1      | Ihlosi the Human Gladiator began the quest for the Orb.
     0 | D:1      | Reached XP level 1. HP: 16/16 MP: 1/1
   268 | D:1      | Reached XP level 2. HP: 22/22 MP: 2/2
   593 | D:1      | Reached skill level 1 in Stealth
  1055 | D:1      | Reached XP level 3. HP: 28/28 MP: 3/3
  1331 | D:2      | Found a hide-covered altar of Uskayaw.
  1572 | D:3      | Reached skill level 4 in Long Blades
  1572 | D:3      | Reached XP level 4. HP: 26/34 MP: 4/4
  1707 | D:3      | Found a deep blue altar of Sif Muna.
  1790 | D:3      | Noticed Natasha
  1799 | D:3      | Killed Natasha
  1799 | D:3      | Reached XP level 5. HP: 35/41 MP: 5/5
  1852 | D:3      | Found a radiant altar of Vehumet.
  1921 | D:3      | Found a white marble altar of Elyvilon.
  1937 | D:3      | Found a snail-covered altar of Cheibriados.
  1971 | D:3      | Noticed Natasha
  1976 | D:3      | Killed Natasha
  2202 | D:3      | Noticed Natasha
  2211 | D:3      | Killed Natasha
  2245 | D:3      | Reached skill level 5 in Long Blades
  2422 | D:3      | Reached XP level 6. HP: 31/48 MP: 6/6
  2918 | D:4      | Found a hazy altar of Hepliaklqana.
  2921 | D:4      | Noticed an ogre
  3132 | D:5      | Entered Level 5 of the Dungeon
  3175 | D:5      | Noticed Duvessa
  3176 | D:5      | Noticed Dowan
  3191 | D:5      | Killed Duvessa
  3194 | D:5      | Noticed Menkaure
  3210 | D:5      | Gained mutation: Your body sometimes deteriorates upon
                  | taking damage. [potion of mutation]
  3210 | D:5      | Gained mutation: Potions are less effective at restoring
                  | your health. [potion of mutation]
  3210 | D:5      | Gained mutation: You possess an exceptional clarity of
                  | mind. [potion of mutation]
  3211 | D:5      | Killed from afar by Menkaure

Skill      XL: |  1  2  3  4  5  6 |
---------------+-------------------+-----
Stealth        | 1 |  1.0
Long Blades    | 4 5 |  5.7
Fighting       | 3 4 |  4.4
Throwing       | |  2.0
Dodging        | |  3.0

Action                   |  1- 3 |  4- 6 || total
-------------------------+-------+-------++-------
Melee: Long sword        |    69 |    64 ||   133
       Short sword       |       |    23 ||    23
       Hand axe          |       |     5 ||     5
       Mace              |       |     3 ||     3
Throw: Tomahawk          |       |    17 ||    17
       Throwing net      |       |     4 ||     4
       Javelin           |       |     1 ||     1
  Use: Scroll            |       |    13 ||    13
       Potion            |       |     6 ||     6
 Stab: Sleeping          |     2 |     1 ||     3
       Held in net/web   |       |     2 ||     2
  Eat: Chunk             |     2 |     3 ||     5
       Ration            |       |     1 ||     1
Armor: Leather armour    |    22 |    23 ||    45
       Ring mail         |       |     7 ||     7
Dodge: Dodged            |    60 |    68 ||   128
       Rpst.: Long sword |    18 |    13 ||    31
